 Dungeon Crawl Stone Soup version 0.29.1-2-gbd0b4ee654 (webtiles) character file.

Game seed: 1551980490449546069

1672 Firos the Transmogrifier (level 9, 0/53 HPs)
             Began as an Octopode Transmuter on Nov 8, 2022.
             Was an Initiate of Cheibriados.
             Slain by Pikel
             ... wielding a +1 whip of freezing
              (9 damage)
             ... on level 6 of the Dungeon.
             The game lasted 00:12:25 (7103 turns).

Firos the Transmogrifier (Octopode Transmuter)      Turns: 7103, Time: 00:12:26

Health: 0/53       AC:  2    Str: 10    XL:     9   Next: 1%
Magic:  26/26      EV: 20    Int: 20    God:    Cheibriados [......]
Gold:   181        SH:  0    Dex: 19    Spells: 7/19 levels left

rFire   . . .      SeeInvis .     - Unarmed
rCold   . . .      Faith    .   (shield currently unavailable)
rNeg    . . .      Spirit   .   (helmet currently unavailable)
rPois   x          Reflect  .   (no amulet)
rElec   .          Harm     .   c - +4 ring of slaying
rCorr   +          Rampage  .   a - ring of resist corrosion
Will    .....                   q - ring of magical power
Stlth   ++........              (no ring)
HPRegen 0.17/turn               (no ring)
MPRegen 0.20/turn               (no ring)
                                (no ring)
                                (no ring)

@: spider-form (expiring), slow
A: venomous fangs, almost no armour, (amphibious), 8 rings, tiny, (camouflage
1), (gelatinous body 1), (nimble swimmer 1), (tentacles)
a: End Transformation, Renounce Religion


You were on level 6 of the Dungeon.
You worshipped Cheibriados.
Cheibriados was noncommittal.
You were a venomous arachnid creature.
You visited 2 branches of the dungeon, and saw 7 of its levels.

You collected 181 gold pieces.

Inventory:

Missiles
 j - a throwing net
Armour
 o - the +0 hat of the Orb Guardian (melded) {Str+4}
   (You acquired it on level 4 of the Dungeon)

   Str:       It affects your strength (+4).
Jewellery
 a - a ring of resist corrosion (right front leg)
 c - a +4 ring of slaying (left front leg)
 q - a ring of magical power (on tentacle)
Wands
 k - a wand of paralysis (8)
 n - a wand of iceblast (18)
Scrolls
 e - 5 scrolls of teleportation
 f - a scroll of vulnerability
 i - a scroll of torment
 m - a scroll of magic mapping
 r - a scroll of identify
Potions
 b - a potion of might
 d - a potion of heal wounds {unknown}
 g - a potion of ambrosia
 h - a potion of brilliance
 l - 2 potions of attraction {unknown}
 p - a potion of haste {unknown}
 s - a potion of curing


   Skills:
 + Level 1.5 Fighting
 + Level 2.3 Dodging
 + Level 1.5 Stealth
 * Level 3.5 Unarmed Combat
 + Level 5.9 Spellcasting
 * Level 9.0 Transmutations


You had 7 spell levels left.
You knew the following spells:

 Your Spells              Type           Power      Damage    Failure   Level
a - Beastly Appendage     Tmut           84%        N/A       2%          1
b - Wereblood             Tmut           42%        N/A       3%          2
c - Spider Form           Tmut/Pois      24%        N/A       14%         3
d - Ice Form              Ice/Tmut       24%        N/A       34%         4
e - Blink                 Tloc           10%        N/A       34%         2

Your spell library contained the following spells:

 Spells                   Type           Power      Damage    Failure   Level
 Ensorcelled Hibernation  Hex/Ice        10%        N/A       34%         2
 Call Canine Familiar     Summ           5%         N/A       54%         3
 Portal Projectile        Hex/Tloc       10%        N/A       54%         3
 Anguish                  Hex/Necr       2%         N/A       87%         4
 Flame Wave               Conj/Fire      5%         2d5       87%         4
 Hailstorm                Conj/Ice       5%         3d4       87%         4
 Leda's Liquefaction      Hex/Erth       2%         N/A       87%         4
 Manifold Assault         Tloc           5%         N/A       99%         5
 Iron Shot                Conj/Erth      2%         9d2       100%        6
 Storm Form               Tmut/Air       12%        N/A       100%        7


Dungeon Overview and Level Annotations

Branches:
Dungeon (6/15)             Temple (1/1) D:5

Altars:
Ashenzari
Cheibriados
Dithmenos
Elyvilon
Gozag
Hepliaklqana
Kikubaaqudgha
Makhleb
Nemelex Xobeh
Okawaru
Qazlal
Ru
Sif Muna
Trog
Uskayaw
Vehumet
Xom
Yredelemnul
Zin
The Shining One

Annotations:
D:6 Pikel


Innate Abilities, Weirdness & Mutations

You are a venomous arachnid creature.
You have poisonous fangs.
You are tiny and dextrous.
Your spellcasting is less reliable in this form.
Your armour is entirely melded.
You are incapable of wielding weapons or throwing items.
You cannot wear most types of armour.
((You are amphibious.))
You can wear up to eight rings at the same time.
((Your skin changes colour to match your surroundings (Stealth+).))
((Your rubbery body absorbs attacks. (AC +1, EV +1)))
((You are camouflaged when in or above water. (Stealth+)))
((You have tentacles for arms and can constrict up to eight enemies at once.))


Message History

The lemure shouts!
You bite the lemure!
You kill the lemure!
That felt strangely unrewarding.
You hit Pikel but do no damage.
Pikel is poisoned.
Pikel hits you with a +1 whip of freezing!
Pikel freezes you.
You hit Pikel but do no damage.
Pikel looks as sick as possible!
You hit Pikel.
Pikel looks as sick as possible!
Pikel is lightly wounded.
A necrophage comes into view.
Pikel hits you with a +1 whip of freezing.
Pikel freezes you.
You hit Pikel.
Pikel is moderately wounded.
Pikel closely misses you.
You closely miss Pikel.
Pikel is heavily wounded.
Pikel barely misses you.
Pikel hits you with a +1 whip of freezing!
Pikel freezes you. Pikel attacks as you move away! Pikel completely misses you.
Pikel attacks as you move away! Pikel misses you.
Your transformation is almost over.
Pikel attacks as you move away!
Pikel hits you with a +1 whip of freezing.
* * * LOW HITPOINT WARNING * * *
Pikel freezes you.
* * * LOW HITPOINT WARNING * * *
Pikel completely misses you.
You hit Pikel.
Pikel looks as sick as possible!
Pikel is almost dead.
Pikel hits you with a +1 whip of freezing.
* * * LOW HITPOINT WARNING * * *
Pikel freezes you.
* * * LOW HITPOINT WARNING * * *
You hit Pikel but do no damage.
Pikel looks as sick as possible!
Pikel is almost dead.
Pikel hits you with a +1 whip of freezing!
You die...

#
##################
##........[......#
##.#############.#
##.# #.#
##.########### #.#
##...........# #s#
############.# #K#
# #.# #5# # #.#
#5# # #.# #n# #
#.# #.# # #.# #.#
# #.# #.# # #.#
#.#


You could see Pikel (extremely poisoned), 2 lemures and a necrophage.

Vanquished Creatures
  Grinder (D:4)
  Menkaure (D:6)
  A water moccasin (D:3)
  A centaur (D:5)
  3 black bears (D:5)
  2 lemures (D:6)
  3 phantoms
  3 scorpions (D:5)
  3 hounds
  A gnoll bouda (D:5)
  An orc priest (D:5)
  Ijyb (D:4)
  An iguana (D:5)
  2 orc wizards
  Terence (D:3)
  Robin (D:2)
  7 gnolls
  4 adders
  A shadow imp (D:5)
  3 white imps
  An ufetubus (D:4)
  8 dart slugs
  5 orcs
  6 endoplasms
  4 giant cockroaches
  10 hobgoblins
  2 jackals (D:3)
  3 quokkas
  6 ball pythons
  2 bats
  5 frilled lizards
  13 goblins
  2 kobolds
  3 rats
111 creatures vanquished.

Notes
Turn   | Place    | Note
-------+----------+-------------------------------------------
     0 | D:1      | Firos the Octopode Transmuter began the quest for the Orb.
     0 | D:1      | Reached XP level 1. HP: 13/13 MP: 3/3
   367 | D:1      | Reached XP level 2. HP: 13/18 MP: 5/5
   980 | D:1      | Found a faded altar of an unknown god.
  1209 | D:2      | Reached skill level 3 in Transmutations
  1282 | D:2      | Reached XP level 3. HP: 23/23 MP: 6/6
  1299 | D:2      | Learned a level 2 spell: Wereblood
  1303 | D:2      | Learned a level 3 spell: Spider Form
  1350 | D:2      | Noticed Robin
  1362 | D:2      | Killed Robin
  1542 | D:2      | Got Vehumet's Tome of Damage Dealing
  1958 | D:2      | Reached XP level 4. HP: 23/28 MP: 6/8
  2323 | D:3      | Noticed a water moccasin
  2446 | D:3      | Noticed Terence
  2453 | D:3      | Killed Terence
  2680 | D:3      | Reached skill level 4 in Transmutations
  2909 | D:3      | Killed a water moccasin
  2910 | D:3      | Reached XP level 5. HP: 31/33 MP: 8/10
  2917 | D:3      | Learned a level 4 spell: Ice Form
  3074 | D:3      | Reached skill level 5 in Transmutations
  3074 | D:3      | Reached XP level 6. HP: 18/38 MP: 8/11
  3608 | D:4      | Noticed Grinder
  3633 | D:4      | Killed Grinder
  3634 | D:4      | Reached skill level 6 in Transmutations
  3634 | D:4      | Reached XP level 7. HP: 35/43 MP: 4/13
  3889 | D:4      | Noticed Ijyb
  3896 | D:4      | Killed Ijyb
  3976 | D:4      | Identified a scroll of acquirement
  3976 | D:4      | Acquired the +0 hat of the Orb Guardian {Str+4}
  4436 | D:5      | Entered Level 5 of the Dungeon
  4497 | D:5      | Reached skill level 7 in Transmutations
  5193 | D:5      | Reached XP level 8. HP: 47/48 MP: 12/15
  5309 | D:5      | Reached skill level 5 in Spellcasting
  5442 | D:5      | Reached skill level 8 in Transmutations
  5548 | D:5      | HP: 2/48 [shadow imp (2)]
  6183 | D:5      | Learned a level 2 spell: Blink
  6437 | D:5      | Found a staircase to the Ecumenical Temple.
  6466 | Temple   | Entered the Ecumenical Temple
  6611 | Temple   | Became a worshipper of Cheibriados the Contemplative
  6777 | D:6      | Noticed Menkaure
  6790 | D:6      | Killed Menkaure
  6791 | D:6      | Reached skill level 1 in Stealth
  6791 | D:6      | Reached skill level 9 in Transmutations
  7059 | D:6      | Reached XP level 9. HP: 52/53 MP: 17/17
  7078 | D:6      | Noticed Pikel
  7103 | D:6      | Slain by Pikel

Illustrated notes

Levels and vault maps discovered:
D:1:      dpeg_arrival_round_a, layout_basic, shapermc_ecumenical_altar_petra
D:2:      layout_loops_ring, chequers_serial_rivers_large_b, uniq_robin
D:3:      layout_basic, chequers_serial_rivers_micro_a, uniq_terence
D:4:      layout_basic, uniq_ijyb, uniq_grinder
D:5:      layout_cave_pods, temple_hall, minmay_fractal_squares_5
D:6:      layout_basic, uniq_menkaure, uniq_blork_the_orc, uniq_pikel
Temple:   nicolae_temple_slightly_damp_pantheon

Skill      XL: |  1  2  3  4  5  6  7  8 |
---------------+-------------------------+-----
Transmutations | 3 4 5 6 7 9 |  9.0
Spellcasting   | 3 4 5 |  5.9
Stealth        | 1 |  1.5
Fighting       | |  1.5
Dodging        | |  2.3
Unarmed Combat | |  3.5

Action                   |  1- 3 |  4- 6 |  7- 9 || total
-------------------------+-------+-------+-------++-------
Melee: Unarmed           |    65 |    66 |   171 ||   302
       Constrict         |    12 |    12 |     4 ||    28
       Tentacles         |     6 |     8 |     2 ||    16
       Kick              |     2 |       |       ||     2
       Punch             |     2 |     1 |       ||     3
 Cast: Beastly Appendage |     1 |       |       ||     1
       Spider Form       |     1 |     4 |    22 ||    27
Evoke: Wand              |       |     3 |     9 ||    12
  Use: Scroll            |     5 |     5 |     3 ||    13
       Potion            |     1 |     3 |     2 ||     6
 Stab: Sleeping          |     9 |     2 |     3 ||    14
       Paralysed         |       |    14 |     2 ||    16
Armor: Skin              |     4 |    16 |    10 ||    30
Dodge: Dodged            |    36 |    30 |   172 ||   238
